Get step-by-step instructions on how to execute this build order below. Start the game timer, and the build order will tick by so you can play in parallel with StarCraft on a second screen or mobile device.

Game Time

  0:00

Last Step

  N/A

Next Step

  12  0:00  SCV  

Upcoming Step

  13  0:13  SCV  

Don't want to look back and forth between 2 screens? Try out our Overwolf App, the Spawning Tool Build Advisor to get an in-game overlay with this build!

Complete Build Order

  12  0:00  SCV  
  13  0:13  SCV  
  14  0:17  Supply Depot  
  14  0:25  SCV  
  15  0:30  Refinery  
  15  0:39  SCV  
  16  0:44  Barracks  
  16  0:51  SCV  
  17  1:03  SCV  
  18  1:15  SCV  
  20  1:33  Reaper, Orbital Command  
  20  1:45  Command Center  
  20  1:57  Factory  
  20  2:00  SCV  
  21  2:08  Barracks Reactor  
  21  2:10  Supply Depot  
  21  2:13  SCV  
  22  2:18  Refinery  
  22  2:25  SCV  
  23  2:38  SCV  
  24  2:47  Starport, Marine x2  
  24  2:48  Hellion  
  28  2:52  SCV  
  28  2:57  Orbital Command  
  29  3:05  SCV  
  30  3:06  Marine x2  
  30  3:11  Widow Mine  
  34  3:17  SCV  
  35  3:23  SCV  
  35  3:26  Viking  
  38  3:29  Marine x2  
  38  3:33  Supply Depot, Factory Tech Lab  
  40  3:37  SCV  
  40  3:38  SCV  
  42  3:48  Marine x2  
  44  3:49  SCV  
  44  3:50  SCV  
  46  4:01  SCV  
  46  4:02  SCV  
  47  4:03  Medivac  
  47  4:04  Siege Tank  
  47  4:08  Supply Depot  
  47  4:09  Engineering Bay, Marine  
  52  4:13  SCV  
  52  4:14  SCV  
  52  4:17  Marine  
  53  4:25  SCV  
  53  4:26  Supply Depot  
  53  4:30  Marine, SCV  
  54  4:32  Liberator  
  54  4:35  Marine  
  54  4:37  SCV  
  54  4:38  Siege Tank  
  59  4:40  Missile Turret  
  59  4:41  Missile Turret  
  59  4:43  SCV  
  57  4:48  Marine  
  57  4:49  SCV  
  62  4:54  Marine  
  62  4:59  Supply Depot  
  63  5:05  Marine, Barracks  
  65  5:07  SCV  
  65  5:08  Barracks  
  65  5:12  Marine  
  65  5:14  SCV  
  65  5:19  SCV  
  66  5:21  Siege Tank  
  66  5:24  Supply Depot, Marine  
  66  5:26  SCV  
  71  5:31  SCV  
  65  5:37  Marine  
  65  5:42  Marine, Terran Infantry Weapons Level 1, Refinery  
  65  5:43  Refinery, SCV  
  65  5:44  Starport Tech Lab  
  65  5:50  Barracks  
  65  5:52  Barracks  
  65  5:55  Marine  
  66  6:01  Factory Reactor  
  66  6:03  Supply Depot  
  66  6:05  Barracks Tech Lab  
  66  6:06  Stimpack, Marauder  
  66  6:10  Marine  
  66  6:11  SCV x2  
  71  6:13  Marine, Starport Reactor  
  71  6:15  Supply Depot  
  71  6:16  Marauder  
  74  6:22  Combat Shield  
  73  6:28  Marauder  
  73  6:30  Marine  
  75  6:34  Marine  
  75  6:35  SCV x2  
  75  6:37  Supply Depot, Marauder  
  80  6:42  Widow Mine x2  
  80  6:45  Barracks Reactor, Barracks Tech Lab  
  84  6:48  Marine  
  84  6:49  Marauder  
  84  6:50  Supply Depot  
  84  6:51  Medivac  
  84  6:52  Marine  
  90  6:57  Medivac  
  89  7:02  Marauder  
  89  7:06  Widow Mine x2, Marine  
  96  7:09  Marauder  
  96  7:10  Marine  
  99  7:17  Marauder  
  99  7:21  Supply Depot  
  101  7:23  Supply Depot  
  101  7:24  Marauder, Marine x2  
  101  7:26  Medivac  
  107  7:30  Marine  
  107  7:31  Marine  
  107  7:33  Widow Mine x2  
  107  7:34  Medivac  
  115  7:39  Concussive Shells  
  115  7:43  Marauder  
  115  7:44  Marauder  
  119  7:46  Marine  
  119  7:47  Marauder  
  120  7:52  Marine x3  
  120  7:54  Widow Mine x2  
  126  8:04  Marine  
  126  8:05  Marauder, Bunker  
  128  8:08  Bunker  
  128  8:12  Medivac  
  129  8:13  Marauder  
  129  8:14  Marauder  
  129  8:15  Widow Mine  
  129  8:19  Marine  
  134  8:25  Supply Depot  
  134  8:28  Marine  
  134  8:32  Marine  
  134  8:35  Marine  
  134  8:37  Marauder  
  133  8:41  Medivac  
  133  8:45  Widow Mine, Marauder  
  133  8:46  Marine  
  133  8:47  Widow Mine  
  135  8:51  Marine x2  
  135  8:52  Marauder  
  127  8:58  Marauder  
  127  9:03  Marine  
  127  9:04  Marine  
  127  9:06  Widow Mine, Marauder  
  127  9:09  Marine